 Dungeon Crawl Stone Soup version 0.29-a0-1047-g7c58e119a4 (webtiles) character file.

Game seed: 6801108208069615420

1345 quixfox the Conjurer (level 8, -5/58 HPs)
             Began as a Demonspawn Conjurer on Aug 16, 2022.
             Was an Initiate of Vehumet.
             Engulfed by a steam dragon's steam (8 damage)
             ... on level 6 of the Dungeon.
             The game lasted 00:15:57 (6460 turns).

quixfox the Conjurer (Demonspawn Conjurer)          Turns: 6460, Time: 00:15:57

Health: -5/58      AC:  8    Str:  8    XL:     8   Next: 36%
Magic:  11/17      EV: 12    Int: 22    God:    Vehumet [......]
Gold:   265        SH:  0    Dex: 11    Spells: 12/19 levels left

rFire   . . .      SeeInvis .   y - +3 war axe of Rahuacsu {vamp, Will+ Stlth+}
rCold   + . .      Faith    .   (no shield)
rNeg    . . .      Spirit   .   m - +1 robe {Will+}
rPois   .          Reflect  .   (helmet restricted)
rElec   .          Harm     .   (no cloak)
rCorr   .          Rampage  .   j - +0 pair of gloves
Will    ++...                   (no boots)
Stlth   +++.......              (no amulet)
HPRegen 0.19/turn               d - +4 ring of protection
MPRegen 0.15/turn               s - ring of protection from cold

@: no status effects
A: horns 2, demonic guardian 2, condensation shield
a: Renounce Religion


You were on level 6 of the Dungeon.
You worshipped Vehumet.
Vehumet was noncommittal.
You visited 1 branch of the dungeon, and saw 6 of its levels.

You collected 265 gold pieces.

Inventory:

Hand Weapons
 y - the +3 war axe of Rahuacsu (weapon) {vamp, Will+ Stlth+}
   (You found it on level 5 of the Dungeon)

   It occasionally heals its wielder for a portion of the damage dealt when it
   wounds a living foe.
   Will:      It increases your willpower.
   Stlth:     It makes you more stealthy.
Armour
 j - a +0 pair of gloves (worn)
 m - a +1 robe of willpower (worn)
 z - a +2 leather armour of positive energy
Jewellery
 a - a ring of ice
 c - a ring of fire
 d - a +4 ring of protection (left hand)
 s - a ring of protection from cold (right hand)
Wands
 g - a wand of light (4)
 x - a wand of flame (13)
Scrolls
 h - a scroll of immolation {unknown}
 k - a scroll of torment {unknown}
 l - a scroll of amnesia
 r - a scroll of teleportation {unknown}
 v - a scroll of summoning {unknown}
 A - a scroll of silence {unknown}
Potions
 b - a potion of magic
 e - 2 potions of berserk rage
 f - a potion of invisibility {unknown}
 i - 2 potions of brilliance
 n - a potion of heal wounds {unknown}
 o - a potion of haste {unknown}
 p - 5 potions of curing
 q - 2 potions of attraction {unknown}
 t - a potion of mutation {unknown}
 u - a potion of degeneration {unknown}
 w - 4 potions of might


   Skills:
 + Level 3.4 Fighting
 - Level 1.7 Dodging
 - Level 1.7 Stealth
 + Level 6.2 Spellcasting
 + Level 7.7 Conjurations
 - Level 2.0 Translocations


You had 12 spell levels left.
You knew the following spells:

 Your Spells              Type           Power      Damage    Failure   Level
a - Magic Dart            Conj           100%       1d8       1%          1
b - Searing Ray           Conj           80%        2d7       1%          2
c - Iskenderun's Mystic   Conj/Tloc      28%        2d7       12%         4

Your spell library contained the following spells:

 Spells                   Type           Power      Damage    Failure   Level
 Dazzling Flash           Conj/Hex       46%        N/A       5%          3
 Slow                     Hex            24%        N/A       9%          1
 Fulminant Prism          Conj/Hex       11%        3d9       19%         4
 Confusing Touch          Hex            6%         N/A       26%         3
 Vampiric Draining        Necr           6%         2d6       26%         3


Dungeon Overview and Level Annotations

Branches:
Dungeon (6/15)
 Temple: D:4-7

Altars:
Nemelex Xobeh
Vehumet

Annotations:
D:3 1 runed translucent door, Crazy Yiuf
D:5 1 transporter


Innate Abilities, Weirdness & Mutations

You have a pair of horns on your head.
A demonic guardian rushes to your aid.
A meltable shield of frost defends you. (SH +0)


Message History

Press: ? - help, Q - select action, (/) - cycle Shift-Dir - straight line, f - orc wizard
Aim: an orc wizard, wielding a +1 dagger of draining and wearing a +0 robe (100% to hit)
The magic dart hits the orc wizard.
The orc wizard is heavily wounded.
Aiming: Magic Dart (safe; 1% risk of failure)
Press: ? - help, Q - select action, (/) - cycle Shift-Dir - straight line, f/p - orc wizard
Aim: an orc wizard, wielding a +1 dagger of draining and wearing a +0 robe (heavily wounded, 100% to hit)
The magic dart hits the orc wizard.
The orc wizard is almost dead.
The orc wizard points at you and mumbles some strange words.
The magic dart hits you.
Aiming: Magic Dart (safe; 1% risk of failure)
Press: ? - help, Q - select action, (/) - cycle Shift-Dir - straight line, f/p - orc wizard
Aim: an orc wizard, wielding a +1 dagger of draining and wearing a +0 robe (almost dead, 100% to hit)
The magic dart hits the orc wizard.
You kill the orc wizard!
Vehumet accepts your kill. The steam dragon breathes steam at you.
The ball of steam hits you!!
Casting: Magic Dart (safe; 1% risk of failure)
Confirm with . or Enter, or press ? or * to list all spells.
Aiming: Searing Ray (safe; 1% risk of failure)
Press: ? - help, Shift-Dir - straight line, f - steam dragon
Aim: a steam dragon (82% to hit)
The searing ray hits the steam dragon.
The steam dragon is moderately wounded. (Press . to maintain the ray.)
The steam dragon bites you!
The steam dragon claws you but does no damage.
The searing ray hits the steam dragon.
The steam dragon is moderately wounded.
The steam dragon breathes steam at you. The ball of steam hits you!!
* * * LOW HITPOINT WARNING * * *
A demonic guardian appears!
The searing ray hits the steam dragon.
The steam dragon is heavily wounded.
Your demonic guardian avoids your attack.
You are engulfed in a cloud of scalding steam.
You die...

.................
#.#.#.#........#
$..............#
#.#.#.#.......##
.............D##
#.#.#.#........# ######
.............>## ......
#.#.#.#......§§####......
........#....D)#@........
.#..........)§#D.:......
#........)..§.4........
..#......#.##.<.......
##..#..#.##.........
##......####.......
.......# ....... ... ...
....... .#.. #....<.


You could see a steam dragon (catching breath, ally target) and a friendly
hellwing (summoned).

Vanquished Creatures
  Grinder (D:4)
  Sigmund (D:4)
  Duvessa (D:5)
  2 ogres (D:5)
  A phantom (D:5)
  Blork the orc (D:5)
  3 scorpions (D:5)
  Dowan (D:5)
  3 jellies
  An iguana (D:3)
  4 orc wizards
  6 adders
  2 ufetubi (D:4)
  A worm (D:4)
  2 dart slugs (D:2)
  6 orcs
  9 ball pythons
  7 endoplasms
  2 giant cockroaches
  11 goblins
  6 hobgoblins
  5 jackals
  3 quokkas
  4 bats
  2 frilled lizards
  4 kobolds
  6 rats
95 creatures vanquished.

Vanquished Creatures (others)
  2 orcs (D:6)
2 creatures vanquished.

Grand Total: 97 creatures vanquished

Notes
Turn   | Place    | Note
-------+----------+-------------------------------------------
     0 | D:1      | quixfox the Demonspawn Conjurer began the quest for the
                  | Orb.
     0 | D:1      | Reached XP level 1. HP: 13/13 MP: 3/3
   336 | D:1      | Gained mutation: You have a pair of small horns on your
                  | head. [demonic ancestry]
   336 | D:1      | Reached XP level 2. HP: 16/19 MP: 3/5
  1363 | D:2      | Reached XP level 3. HP: 24/24 MP: 2/7
  1646 | D:2      | Learned a level 2 spell: Searing Ray
  2584 | D:3      | Gained mutation: You have a pair of horns on your head.
                  | [demonic ancestry]
  2584 | D:3      | Reached XP level 4. HP: 30/30 MP: 6/8
  2707 | D:3      | Found a runed translucent door.
  2708 | D:3      | Noticed Crazy Yiuf
  2749 | D:3      | Reached skill level 5 in Conjurations
  2828 | D:3      | Learned a level 4 spell: Iskenderun's Mystic Blast
  3773 | D:4      | Noticed Sigmund
  3959 | D:4      | Gained mutation: A meltable shield of frost defends you.
                  | (SH +0) [demonic ancestry]
  3959 | D:4      | Reached XP level 5. HP: 35/35 MP: 4/10
  4544 | D:4      | Noticed Grinder
  4557 | D:4      | Killed Grinder
  4558 | D:4      | Reached skill level 6 in Conjurations
  4558 | D:4      | Gained mutation: A weak demonic guardian rushes to your
                  | aid. [demonic ancestry]
  4558 | D:4      | Reached XP level 6. HP: 26/41 MP: 2/13
  4899 | D:4      | Killed Sigmund
  4900 | D:4      | Reached skill level 5 in Spellcasting
  4900 | D:4      | Reached XP level 7. HP: 39/46 MP: 4/14
  5007 | D:4      | Found a radiant altar of Vehumet.
  5014 | D:4      | Became a worshipper of Vehumet
  5325 | D:5      | Entered Level 5 of the Dungeon
  5349 | D:5      | Reached skill level 1 in Fighting
  5349 | D:5      | Reached skill level 1 in Translocations
  5424 | D:5      | Noticed Blork the orc
  5440 | D:5      | Killed Blork the orc
  5585 | D:5      | Identified the +3 war axe of Rahuacsu {vamp, Will+ Stlth+}
  5596 | D:5      | Reached skill level 7 in Conjurations
  5947 | D:5      | Gained mutation: A demonic guardian rushes to your aid.
                  | [demonic ancestry]
  5947 | D:5      | Reached XP level 8. HP: 57/57 MP: 11/16
  6003 | D:5      | Noticed Duvessa
  6011 | D:5      | Killed Duvessa
  6015 | D:5      | Noticed Dowan
  6017 | D:5      | Killed Dowan
  6067 | D:5      | Found a sparkling altar of Nemelex Xobeh.
  6067 | D:5      | Found a transporter.
  6460 | D:6      | Engulfed by a steam dragon's steam

Illustrated notes

Levels and vault maps discovered:
D:1:      onia_arrival_mini_spirals, layout_loops_ring, minmay_quantized
D:2:      layout_loops_corners
D:3:      layout_loops_cross, roderic_lattice_a, minmay_tree_intersection,
          uniq_crazy_yiuf_cottage
D:4:      layout_basic, nicolae_overflow_crystal_walls, serial_glass,
          glass_columns_b, glass_columns_c, glass_columns_a, glass_columns_c,
          glass_columns_c, glass_columns_a, glass_columns_c, glass_columns_b,
          uniq_sigmund, uniq_grinder
D:5:      layout_loops_cross, grunt_nemelex_the_gamble, uniq_duvessa,
          uniq_blork_the_orc
D:6:      layout_cave_pools, nicolae_tso_carved_into_rock,
          mainiacjoe_overflow_cross_hatched, glass_columns_c

Skill      XL: |  1  2  3  4  5  6  7  8 |
---------------+-------------------------+-----
Spellcasting   | 3 4 5 6 |  6.2
Conjurations   | 5 6 7 |  7.7
Fighting       | 2 3 |  3.4
Translocations | 2 |  2.0
Dodging        | |  1.7
Stealth        | |  1.7

Action                   |  1- 3 |  4- 6 |  7- 9 || total
-------------------------+-------+-------+-------++-------
 Cast: Magic Dart        |    61 |    75 |    33 ||   169
       Searing Ray       |     3 |     9 |    14 ||    26
Evoke: Wand              |       |       |     2 ||     2
  Use: Scroll            |       |     2 |     2 ||     4
Armor: Robe              |     1 |     1 |     6 ||     8
Dodge: Dodged            |     6 |     5 |     9 ||    20
Block: Other             |       |       |     2 ||     2

Table legend: (Time is in decaauts)
 A = Elapsed time spent in this place.
 B = Non-inter-level travel time spent in this place.
 C = Inter-level travel time spent in this place.
 D = Time resting spent in this place.
 E = Time spent auto-exploring this place.
 F = Levels seen in this place.
 G = Mean time per level.
                   A        B        C        D        E       F      G
               +--------+--------+--------+--------+--------+-----+--------+
         Total |   6460 |   6323 |    137 |    910 |   4474 |   6 | 1076.7 |
       Dungeon |   6460 |   6323 |    137 |    910 |   4474 |   6 | 1076.7 |
               +--------+--------+--------+--------+--------+-----+--------+

Top non-repeatable levels by time:
     D:4: 1402 daAuts
     D:3: 1376 daAuts
     D:2: 1279 daAuts
     D:1: 1268 daAuts
     D:5: 1112 daAuts
     D:6: 21 daAuts
